 Dungeon Crawl Stone Soup version 0.27.1-34-g3ba077fa99 (webtiles) character file.

Game seed: 3277648712893363337

2579 safid the Cleaver (level 9, 0/71 HPs)
             Began as a Hill Orc Fighter on Feb 3, 2022.
             Slain by a vampire mosquito (6 damage)
             ... on level 6 of the Dungeon.
             The game lasted 00:12:39 (7190 turns).

safid the Cleaver (Hill Orc Fighter)                Turns: 7190, Time: 00:12:41

Health: 0/71       AC: 10    Str: 22    XL:     9   Next: 58%
Magic:  9/9        EV:  8    Int:  8    God:
Gold:   391        SH: 12    Dex: 10    Spells: 8/8 levels left

rFire    . . .     SeeInvis .   a - +0 war axe
rCold    . . .     Faith    .   c - +0 kite shield
rNeg     . . .     Spirit   .   b - +0 scale mail
rPois    .         Reflect  .   p - +2 hat {Will+}
rElec    .         Harm     .   (no cloak)
rCorr    .         Rampage  .   q - +0 pair of gloves
Will     +....                  (no boots)
Stlth    ..........             (no amulet)
HPRegen  0.21/turn              (no ring)
MPRegen  0.11/turn              (no ring)

@: no status effects
A: no striking features
a: no special abilities


You were on level 6 of the Dungeon.
You visited 1 branch of the dungeon, and saw 7 of its levels.

You collected 391 gold pieces.

Inventory:

Hand Weapons
 a - a +0 war axe (weapon)
Missiles
 t - 11 poisoned darts (quivered)
Armour
 b - a +0 scale mail (worn)
 c - a +0 kite shield (worn)
 p - a +2 hat of willpower (worn)
 q - a +0 pair of gloves (worn)
 x - a +1 helmet
Wands
 w - a wand of acid (9)
 y - a wand of flame (17)
Scrolls
 i - 2 scrolls of enchant armour
 k - 3 scrolls of teleportation
 l - a scroll of fog {unknown}
 m - a scroll of noise {unknown}
 r - a scroll of enchant weapon {unknown}
 s - a scroll of vulnerability {unknown}
Potions
 f - a potion of berserk rage {unknown}
 h - a potion of attraction {unknown}
 j - a potion of resistance {unknown}
 n - a potion of lignification {unknown}
 o - a potion of haste {unknown}
 u - 2 potions of flight


   Skills:
 - Level 4.0 Fighting
 + Level 11.5 Axes
 - Level 4.0 Armour
 + Level 10.2 Shields


You had 8 spell levels left.
You didn't know any spells.
Your spell library contained the following spells:

 Spells                   Type           Power      Damage    Failure   Level
 Call Imp                 Summ           0%         N/A       97%         2
 Static Discharge         Conj/Air       0%         N/A       97%         2
 Lightning Bolt           Conj/Air       0%         1d11      100%        5
 Yara's Violent Unravell  Hex/Tmut       0%         3d3       100%        5
 Eringya's Noxious Bog    Tmut/Pois      0%         N/A       100%        6
 Storm Form               Tmut/Air       0%         N/A       100%        7
 Maxwell's Capacitive Co  Air            0%         ∞         100%        8


Dungeon Overview and Level Annotations

Branches:
Dungeon (7/15)             Temple (0/1) D:6

Altars:
Ashenzari
Cheibriados
Makhleb
Nemelex Xobeh
Ru
Zin

Shops:
D:3 :

Annotations:
D:3 2 transporters, dornbeast's ghost, amateur GnAM
D:6 2 transporters, YungCoward's ghost, novice HOFi


Message History

The vampire mosquito is heavily damaged.
You block the vampire mosquito's attack.
The vampire mosquito bites you.
* * * LOW HITPOINT WARNING * * *
The vampire mosquito draws strength from your injuries!
Unknown command.
Level annotation: 2 transporters, YungCoward's ghost, novice HOFi Welcome back, safid the Hill Orc Fighter.
Press ? for a list of commands and other information.
Okay, then.
Okay, then.
It was a potion of curing.
You feel better. The vampire mosquito bites you.
* * * LOW HITPOINT WARNING * * *
The vampire mosquito draws strength from your injuries!
The vampire mosquito bites you but does no damage.
You miss the vampire mosquito.
The vampire mosquito is moderately damaged.
You block the vampire mosquito's attack.
The vampire mosquito closely misses you.
You hit the vampire mosquito.
The vampire mosquito is heavily damaged.
You block the vampire mosquito's attack. x2
You barely miss the vampire mosquito.
The vampire mosquito is heavily damaged.
The vampire mosquito bites you but does no damage.
You block the vampire mosquito's attack.
You barely miss the vampire mosquito.
The vampire mosquito is heavily damaged.
You block the vampire mosquito's attack. x2
You hit the vampire mosquito.
The vampire mosquito is heavily damaged.
You block the vampire mosquito's attack. x2
Okay, then.
You hit the vampire mosquito.
The vampire mosquito is heavily damaged.
The vampire mosquito bites you.
* * * LOW HITPOINT WARNING * * *
The vampire mosquito draws strength from your injuries!
The vampire mosquito bites you.
You die...

#.........#.......#.............
#.........#........#.......<....
#.........#........####..^......
#....####.##.##.....####....###.
#########.##.#####...##...#..##.
#..................#.....###....
#...................#..>.###....
#...................##....##....
#..............@....##...##.....
#......###...##.y..###..##...#.#
######## #...##..#.###.#..####..
#..........#...........
#......................
#......................
#......................
#.....................©
#..##...##'##....##+#..


You could see a vampire mosquito.

Vanquished Creatures
  Sigmund (D:6)
  3 yaks
  A steam dragon (D:6)
  Menkaure (D:7)
  2 vampire mosquitoes
  A water moccasin (D:5)
  A black bear (D:5)
  An ice beast (D:6)
  2 necrophages
  An ogre (D:5)
  A phantom (D:7)
  A bullfrog (D:6)
  2 scorpions (D:5)
  2 water moccasin skeletons
  A howler monkey (D:5)
  A centaur zombie (D:6)
  3 hounds
  5 jellies
  A centaur skeleton (D:7)
  A bullfrog skeleton (D:7)
  2 orc wizards (D:5)
  10 adders
  An ufetubus (D:5)
  An adder zombie (D:3)
  2 adder skeletons (D:4)
  2 worms
  5 orcs
  4 ball pythons
  9 endoplasms
  A giant cockroach (D:1)
  8 goblins
  6 hobgoblins
  3 jackals (D:2)
  4 quokkas
  5 bats
  5 frilled lizards
  9 kobolds
  3 rats
112 creatures vanquished.

Notes
Turn   | Place    | Note
-------+----------+-------------------------------------------
     0 | D:1      | safid the Hill Orc Fighter began the quest for the Orb.
     0 | D:1      | Reached XP level 1. HP: 19/19 MP: 1/1
   179 | D:1      | Reached XP level 2. HP: 25/27 MP: 2/2
   284 | D:1      | Reached skill level 3 in Axes
   659 | D:1      | You fall into a shaft and drop 1 floor!
   667 | D:2      | Reached XP level 3. HP: 22/33 MP: 3/3
  1207 | D:2      | Reached XP level 4. HP: 40/40 MP: 4/4
  1279 | D:2      | Reached skill level 4 in Axes
  2267 | D:3      | Found a broken altar of Ashenzari.
  2278 | D:3      | Found a burning altar of Makhleb.
  2308 | D:3      | Reached XP level 5. HP: 46/46 MP: 5/5
  2354 | D:3      | Noticed an ogre
  2354 | D:3      | Noticed dornbeast's ghost (amateur GnAM)
  2356 | D:3      | Identified the +6 great mace of Purpose {vorpal, rN+ Will-
                  | Str+5 Stlth+}
  2356 | D:3      | Noticed an ogre
  2366 | D:3      | Found a transporter.
  2469 | D:3      | Found a transporter.
  2565 | D:3      | Found Qiffout's Book Shoppe.
  2610 | D:3      | Found a faded altar of an unknown god.
  2655 | D:3      | Found a glowing silver altar of Zin.
  2695 | D:3      | Found a sparkling altar of Nemelex Xobeh.
  2915 | D:4      | Reached skill level 5 in Axes
  2915 | D:4      | Reached skill level 5 in Shields
  3800 | D:4      | Reached XP level 6. HP: 46/52 MP: 6/6
  3987 | D:4      | Found a snail-covered altar of Cheibriados.
  3987 | D:4      | Found a sacrificial altar of Ru.
  4086 | D:5      | Entered Level 5 of the Dungeon
  4096 | D:5      | Got the Tome of Supportive Moulding
  4173 | D:5      | Reached skill level 6 in Axes
  4550 | D:5      | Reached XP level 7. HP: 56/59 MP: 7/7
  4670 | D:5      | Reached skill level 7 in Axes
  5037 | D:5      | Reached skill level 8 in Axes
  5239 | D:6      | Found a staircase to the Ecumenical Temple.
  5292 | D:6      | Noticed a two-headed ogre
  5295 | D:6      | Noticed YungCoward's ghost (novice HOFi)
  5322 | D:6      | Reached XP level 8. HP: 63/66 MP: 8/8
  5686 | D:6      | Found a transporter.
  5689 | D:6      | Found a transporter.
  5696 | D:6      | Reached skill level 9 in Axes
  6253 | D:6      | Noticed Sigmund
  6260 | D:6      | Killed Sigmund
  6261 | D:6      | Reached skill level 10 in Axes
  6513 | D:7      | Noticed a yak
  6513 | D:7      | Noticed a yak
  6513 | D:7      | Noticed a yak
  6513 | D:7      | Noticed a yak
  6514 | D:7      | Noticed a yak
  6514 | D:7      | Noticed a yak
  6568 | D:7      | Noticed Menkaure
  6575 | D:7      | Killed Menkaure
  6576 | D:7      | Reached XP level 9. HP: 71/71 MP: 9/9
  6668 | D:7      | Reached skill level 11 in Axes
  7168 | D:6      | HP: 3/71 [vampire mosquito (1)]
  7175 | D:6      | Reached skill level 10 in Shields
  7190 | D:6      | Slain by a vampire mosquito

Illustrated notes

Levels and vault maps discovered:
D:1:      dpeg_arrival_lava_altar, layout_basic, nrook_mini_vaults
D:2:      layout_basic
D:3:      layout_basic, lemuel_tele_altar, nemelex_dance_club_becter,
          amethyst_overflow_temple_binary, serial_shops, shop,
          gammafunk_ghost_smash, shapermc_ecumenical_altar_venn
D:4:      layout_layer_cave, gammafunk_temple_overflow_statue,
          wad_floor_pattern_2, kennysheep_minor_cross, minmay_statues_item,
          minmay_misc_feat_x
D:5:      layout_rooms, kennysheep_generic_room_11
D:6:      layout_gridville, minmay_temple_entry_wispy, gammafunk_ghost_arena,
          grunt_decor_arrowhead, uniq_sigmund
D:7:      layout_rooms, serial_rivers, chequers_serial_rivers_room_a,
          chequers_serial_rivers_micro_c, chequers_serial_rivers_room_a,
          chequers_serial_rivers_large_a, minmay_circle_x, uniq_menkaure,
          uniq_maggie, uniq_crazy_yiuf_cottage

Skill      XL: |  1  2  3  4  5  6  7  8  9 |
---------------+----------------------------+-----
Axes           | 3 4 5 6 8 10 11 | 11.5
Fighting       | 4 |  4.0
Armour         | 4 |  4.0
Shields        | 4 5 6 7 9 10 | 10.2

Action                   |  1- 3 |  4- 6 |  7- 9 || total
-------------------------+-------+-------+-------++-------
Melee: War axe           |    87 |   189 |   194 ||   470
  Use: Scroll            |       |       |     6 ||     6
       Potion            |       |       |     8 ||     8
Armor: Scale mail        |    54 |   108 |   123 ||   285
Dodge: Dodged            |    29 |    53 |    80 ||   162
Block: Kite shield       |    35 |   118 |   188 ||   341
